 Dungeon Crawl Stone Soup version 0.19.1-28-ge1247f7 (webtiles) character file.

3655 dngmouse the Basher (level 9, -3/86 HPs)
             Began as a Minotaur Fighter on Jan 21, 2017.
             Was an Elder of Okawaru.
             Slain by a yak (12 damage)
             ... on level 8 of the Dungeon.
             The game lasted 00:15:13 (6831 turns).

dngmouse the Basher (Minotaur Fighter)              Turns: 6831, Time: 00:15:13

Health: -3/86      AC: 13    Str: 20    XL:     9   Next: 88%
Magic:  11/12      EV:  5    Int:  5    God:    Okawaru [****..]
Gold:   625        SH:  5    Dex: 14    Spells: 0 memorised, 8 levels left

rFire  . . .     SeeInvis .     a - +0 flail
rCold  . . .     Gourm    .     m - +0 plate armour
rNeg   . . .     Faith    .     P - +0 buckler
rPois  .         Spirit   .     (helmet restricted)
rElec  .         Reflect  .     D - +0 cloak
rCorr  .         Harm     .     l - +0 pair of gloves
MR     .....                    (no boots)
Stlth  ..........               (no amulet)
                                (no ring)
                                (no ring)

@: no status effects
A: retaliatory headbutt, horns 2
a: Heroism, Renounce Religion


You were on level 8 of the Dungeon.
You worshipped Okawaru.
Okawaru was greatly pleased with you.
You were not hungry.

You visited 2 branches of the dungeon, and saw 9 of its levels.
You also visited: Ossuary.

You collected 625 gold pieces.

Inventory:

Hand Weapons
 a - a +0 flail (weapon)
Armour
 l - a +0 pair of gloves (worn)
 m - a +0 plate armour (worn)
 D - a +0 cloak (worn)
 P - a +0 buckler (worn)
Wands
 s - a wand of confusion (12/48)
 F - a wand of paralysis (5/24)
 M - a wand of enslavement (7/24)
 N - a wand of flame (23/48)
Scrolls
 b - 3 scrolls of teleportation {unknown}
 g - a scroll of enchant weapon {unknown}
 j - 2 scrolls of fog {unknown}
 k - a scroll of blinking {unknown}
 n - 3 scrolls of remove curse {unknown}
 o - 3 scrolls of enchant armour {unknown}
 p - 8 scrolls of identify {unknown}
 q - 2 scrolls of fear {unknown}
 u - 2 scrolls of recharging {unknown}
 y - a scroll of acquirement {unknown}
 A - a scroll of magic mapping {unknown}
 G - 2 scrolls of random uselessness {unknown}
 I - a scroll of noise {unknown}
Potions
 d - 5 potions of might
 e - a potion of heal wounds {unknown}
 h - 4 potions of flight {unknown}
 r - 2 potions of cure mutation {unknown}
 t - 3 potions of brilliance {unknown}
 v - 3 potions of curing {unknown}
 w - 2 potions of agility {unknown}
 x - 3 potions of haste {unknown}
 z - 2 potions of cancellation {unknown}
 B - a potion of degeneration {unknown}
 C - a potion of ambrosia {unknown}
 E - a potion of lignification {unknown}
 H - a potion of resistance {unknown}
 L - a potion of berserk rage {unknown}
Comestibles
 f - 6 bread rations
 i - 8 meat rations
 J - a slice of pizza
 K - 4 fruits
 O - 7 chunks of flesh


   Skills:
 * Level 10.5 Fighting
 - Level 12.0 Maces & Flails
 - Level 3.6 Armour
 - Level 3.6 Shields
 + Level 5.4 Invocations


You had 8 spell levels left.
You didn't know any spells.

Dungeon Overview and Level Annotations

Branches:
Dungeon (8/15)             Temple (1/1) D:4
   Lair: D:8-11

Altars:
Ashenzari
Cheibriados
Dithmenos
Fedhas
Gozag
Hepliaklqana
Kikubaaqudgha
Makhleb
Nemelex Xobeh
Okawaru
Qazlal
Ru
Sif Muna
Trog
Uskayaw
Vehumet
Xom
Yredelemnul
Zin
The Shining One


Innate Abilities, Weirdness & Mutations

You reflexively headbutt those who attack you in melee.
You have a pair of horns on your head.


Message History

You hit the yak but do no damage.
The yak is lightly wounded.
The yak gores you!
* * * LOW HITPOINT WARNING * * *
You are too injured to fight recklessly!
You are too injured to fight recklessly!
You hit the yak. Your headbutt misses the yak.
The yak is moderately wounded.
The yak gores you!
* * * LOW HITPOINT WARNING * * *
You hit the yak. You headbutt the yak!
The yak is heavily wounded.
You sock the yak!
The yak is severely wounded.
The yak gores you!
* * * LOW HITPOINT WARNING * * *
You hit the yak.
The yak is severely wounded.
The yak gores you!
You die...

#... #.#.....##
#..######.##......
##....#..........#.
#..##..........#... ##
#............##..
#..##.###........##..
##...........[...:##..
###..###..##.......)##..
#.....Y@...........))...
#......############..##..
....... #........#####..
....... #........###....
....### #...##...##..###
...? #..#)(#..'..## # ...
#..#[.#..'..#### ..
#...##...#......
#........#......


You could see a yak.

Vanquished Creatures
  Prince Ribbit (D:6)
  5 yaks (D:8)
  Duvessa (D:6)
  An ice beast (D:6)
  3 sky beasts (D:8)
  2 eyes of draining (D:4)
  A phantom (D:5)
  2 ogres
  7 bullfrogs
  Dowan (D:6)
  A wyvern skeleton (D:8)
  5 killer bees (D:7)
  4 crimson imps
  3 bullfrog zombies
  A quasit (D:7)
  2 orc priests
  Crazy Yiuf (D:6)
  3 hounds
  A centaur skeleton (D:5)
  4 orc wizards
  3 worker ants
  A killer bee zombie (D:5)
  2 hound skeletons
  12 mummies (Ossuary)
  4 gnolls (D:6)
  7 adders
  A shadow imp (D:7)
  An ooze (D:3)
  An adder zombie (D:8)
  3 worms
  3 dart slugs
  2 leopard geckos
  14 orcs
  5 bats
  A giant cockroach (D:4)
  5 goblins
  4 hobgoblins
  2 jackals (D:5)
  2 quokkas
  A ball python (D:5)
  A ball python skeleton (D:5)
  A ball python zombie (D:5)
  3 frilled lizards (D:1)
  A giant cockroach zombie (D:5)
  3 gnoll skeletons (Ossuary)
  2 goblin skeletons (Ossuary)
  2 jackal skeletons
  A jackal zombie (D:5)
  7 kobolds
  2 kobold skeletons (Ossuary)
  An orc skeleton (Ossuary)
  2 quokka zombies
  4 rats
  11 rat skeletons (Ossuary)
164 creatures vanquished.

Vanquished Creatures (others)
  4 fungi (D:6)
4 creatures vanquished.

Grand Total: 168 creatures vanquished

Notes
Turn   | Place    | Note
-------+----------+-------------------------------------------
     0 | D:1      | dngmouse the Minotaur Fighter began the quest for the Orb.
     0 | D:1      | Reached XP level 1. HP: 19/19 MP: 0/0
   146 | D:1      | Reached skill level 3 in Maces & Flails
   146 | D:1      | Reached XP level 2. HP: 25/27 MP: 1/1
  1490 | D:3      | Found a shadowy altar of Dithmenos.
  1505 | D:3      | Reached XP level 3. HP: 27/33 MP: 2/2
  1514 | D:3      | Reached skill level 4 in Maces & Flails
  1837 | D:3      | Reached XP level 4. HP: 41/41 MP: 3/3
  2022 | D:3      | Found a blossoming altar of Fedhas.
  2366 | D:4      | Found a bloodstained altar of Trog.
  2366 | D:4      | Noticed an eye of draining
  2366 | D:4      | Noticed an eye of draining
  2380 | D:4      | Killed an eye of draining
  2380 | D:4      | Reached skill level 5 in Fighting
  2380 | D:4      | Reached skill level 5 in Maces & Flails
  2380 | D:4      | Reached XP level 5. HP: 44/48 MP: 0/4
  2387 | D:4      | Killed an eye of draining
  2387 | D:4      | Reached skill level 6 in Maces & Flails
  2387 | D:4      | Reached XP level 6. HP: 49/56 MP: 0/5
  2452 | D:4      | Found a staircase to the Ecumenical Temple.
  2462 | Temple   | Entered the Ecumenical Temple
  2469 | Temple   | Became a worshipper of Warmaster Okawaru
  2489 | D:4      | Found a sand-covered staircase.
  2523 | Ossuary  | Entered an ossuary
  2877 | Ossuary  | Reached skill level 7 in Maces & Flails
  3821 | D:5      | Entered Level 5 of the Dungeon
  3838 | D:5      | Reached XP level 7. HP: 58/63 MP: 6/6
  3860 | D:5      | Reached skill level 8 in Maces & Flails
  4072 | D:5      | Reached * piety under Okawaru
  4128 | D:5      | Reached skill level 9 in Maces & Flails
  4656 | D:5      | Found a deep blue altar of Sif Muna.
  4919 | D:6      | Noticed Prince Ribbit
  4930 | D:6      | Killed Prince Ribbit
  4930 | D:6      | Reached skill level 10 in Maces & Flails
  4930 | D:6      | Reached XP level 8. HP: 65/70 MP: 4/7
  4953 | D:6      | Found a runed door.
  5017 | D:6      | Reached ** piety under Okawaru
  5428 | D:6      | Noticed Duvessa
  5431 | D:6      | Noticed Dowan
  5435 | D:6      | Killed Duvessa
  5435 | D:6      | Reached skill level 1 in Invocations
  5438 | D:6      | Killed Dowan
  5438 | D:6      | Reached skill level 11 in Maces & Flails
  5463 | D:6      | Found an ancient bone altar of Kikubaaqudgha.
  5463 | D:6      | Found a radiant altar of Vehumet.
  5671 | D:6      | Noticed Crazy Yiuf
  5676 | D:6      | Killed Crazy Yiuf
  5915 | D:7      | Reached *** piety under Okawaru
  6040 | D:7      | Found an iron altar of Okawaru.
  6122 | D:7      | Noticed a dagger
  6123 | D:7      | Found a hide-covered altar of Uskayaw.
  6123 | D:7      | Noticed a hand axe
  6137 | D:7      | Reached XP level 9. HP: 44/79 MP: 10/10
  6449 | D:7      | Found a sacrificial altar of Ru.
  6580 | D:8      | Reached skill level 12 in Maces & Flails
  6781 | D:8      | Reached **** piety under Okawaru
  6805 | D:8      | Reached skill level 10 in Fighting
  6805 | D:8      | Reached skill level 5 in Invocations
  6831 | D:8      | Slain by a yak

Skill      XL: |  1  2  3  4  5  6  7  8  9 |
---------------+----------------------------+-----
Maces & Flails | 3 4 5 6 7 10 11 12 | 12.0
Fighting       | 4 5 6 7 10 | 10.5
Invocations    | 3 5 |  5.4
Armour         | |  3.6
Shields        | |  3.6

Action                   |  1- 3 |  4- 6 |  7- 9 || total
-------------------------+-------+-------+-------++-------
Melee: Flail             |    94 |   167 |   353 ||   614
       Headbutt          |    10 |    42 |    69 ||   121
Invok: Heroism           |       |       |     3 ||     3
  Eat: Chunk             |     3 |     5 |    10 ||    18
       Beef jerky        |       |     1 |       ||     1
Armor: Scale mail        |    13 |       |       ||    13
       Chain mail        |    33 |     6 |       ||    39
       Plate armour      |       |    47 |   166 ||   213
Dodge: Dodged            |    22 |    14 |    39 ||    75
Block: Shield            |    38 |    60 |   129 ||   227
       Buckler           |       |       |     7 ||     7
